 Dungeon Crawl Stone Soup version 0.18-a0-1628-g61c6396 (webtiles) character file.

1166 MenacingMecha the Covert (level 8, 0/44 HPs)
             Began as a Kobold Assassin on Mar 25, 2016.
             Was an Initiate of Dithmenos.
             Slain by a jackal (1 damage)
             ... on level 6 of the Dungeon.
             The game lasted 00:47:57 (4825 turns).

MenacingMecha the Covert (Kobold Assassin)          Turns: 4825, Time: 00:47:57

Health: 0/44       AC:  4    Str: 10    XL:     8   Next: 67%
Magic:  8/8        EV: 16    Int:  9    God:    Dithmenos [......]
Gold:   139        SH:  0    Dex: 19    Spells: 0 memorised, 7 levels left

rFire  . . .     SeeInvis .     a - +2 dagger
rCold  . . .     Gourm    .     c - +0 robe
rNeg   . . .     Faith    .     (shield restricted)
rPois  .         Spirit   .     (no helmet)
rElec  .         Dismiss  .     d - +0 cloak
rCorr  .         Reflect  .     (no gloves)
SustAt .         Harm     .     C - +0 pair of boots
MR     .....                    (no amulet)
Stlth  ++++++....               (no ring)
                                (no ring)

@: not resistant to hostile enchantments, very stealthy
A: carnivore 3
a: Renounce Religion


You were on level 6 of the Dungeon.
You worshipped Dithmenos.
Dithmenos was noncommittal.
You were completely stuffed.

You visited 1 branch of the dungeon, and saw 6 of its levels.
You also visited: Sewer.

You collected 139 gold pieces.

Inventory:

Hand Weapons
 a - a +2 dagger (weapon)
 b - a +0 blowgun
Missiles
 e - 2 poisoned needles
 f - 2 curare-tipped needles
Armour
 c - a +0 robe (worn)
 d - a +0 cloak (worn)
 u - a +0 leather armour
 C - a +0 pair of boots (worn)
Wands
 q - a wand of slowing (18/48)
 A - a wand of acid (7/15)
Scrolls
 i - 3 scrolls of teleportation {unknown}
 j - 4 scrolls of enchant armour {unknown}
 k - 2 scrolls of random uselessness {unknown}
 l - 4 scrolls of blinking {unknown}
 m - 3 scrolls of remove curse {unknown}
 n - a scroll of noise {unknown}
 p - 3 scrolls of identify {unknown}
 r - 2 scrolls of immolation {unknown}
 v - 2 scrolls of enchant weapon {unknown}
 w - a scroll of recharging {unknown}
 y - a scroll of fear {unknown}
Potions
 h - 2 potions of degeneration {unknown}
 o - a potion of haste {unknown}
 s - 3 potions of curing {unknown}
 t - a potion of agility {unknown}
 x - a potion of cure mutation {unknown}
 z - 2 potions of might {unknown}
Comestibles
 g - 3 meat rations


   Skills:
 - Level 2.1 Fighting
 + Level 8.9 Short Blades
 - Level 2.1 Throwing
 - Level 3.0 Dodging
 + Level 10.9 Stealth


You had 7 spell levels left.
You didn't know any spells.

Dungeon Overview and Level Annotations

Branches:
Dungeon (6/15)             Temple (0/1) D:6

Altars:
Dithmenos
Qazlal

Shops:
D:4 :

Annotations:
D:3 EginhardtG's ghost, amateur MfIE
D:4 5 exclusions, Eustachio


Innate Abilities, Weirdness & Mutations

You are small and have problems with some larger weapons.
You are carnivorous and can eat meat at any time.


Message History

The orc's wounds heal themselves!
The orc warrior completely misses you.
The hobgoblin zombie closely misses you.
You hit the orc warrior.
The orc warrior is severely wounded.
The jackal bites you.
* * * LOW HITPOINT WARNING * * *
The jackal closely misses you.
You hit the orc warrior.
The orc warrior is severely wounded.
The jackal closely misses you. The hobgoblin zombie misses you.
The jackal closely misses you.
The orc warrior hits you with a battleaxe!
* * * LOW HITPOINT WARNING * * *
You closely miss the orc warrior.
The orc warrior is severely wounded.
The jackal bites you but does no damage.
You barely miss the orc warrior.
The orc warrior is severely wounded.
The jackal bites you.
You die...

..#.# #.# # # #.#.# #.##
#..#.#.#.#####..#####..####
#...........h.............#
#.###..###'###.###+###...#
#.......##Z##...## ##....#
#####....###.oo..###....#
##....#..hho..#....#
##....###@###..#.##
####..##Z##...#.#
##..###..#.#h#
##..#..##.#.#########
##...###.#.o.h.o..o. ##.##
#.########### ### #.# ..#
.#


You could see an orc warrior, an orc priest, an orc, a hobgoblin zombie and 2
jackals.

Vanquished Creatures
  3 ice beasts
  An ogre (D:5)
  A centaur (D:4)
  5 big kobolds (Sewer)
  2 howler monkeys
  A giant frog zombie (D:5)
  A hound (D:5)
  A quasit (D:6)
  2 worker ants
  6 adders
  2 river rats (Sewer)
  2 shadow imps (D:5)
  2 oozes (Sewer)
  3 worms
  A dart slug (D:1)
  5 giant geckos
  3 ball pythons (Sewer)
  3 giant cockroaches (D:1)
  7 goblins
  3 hobgoblins (D:1)
  4 bats
  A giant gecko skeleton (D:4)
  7 giant newts
  11 kobolds
  6 rats
83 creatures vanquished.

Notes
Turn   | Place    | Note
--------------------------------------------------------------
     0 | D:1      | MenacingMecha the Kobold Assassin began the quest for the Orb.
     0 | D:1      | Reached XP level 1. HP: 12/12 MP: 1/1
   169 | D:1      | Reached XP level 2. HP: 17/17 MP: 2/2
   391 | D:1      | Reached XP level 3. HP: 12/21 MP: 3/3
   561 | D:1      | Reached skill level 6 in Stealth
  1254 | D:3      | Noticed EginhardtG's ghost (amateur MfIE)
  1276 | D:3      | Noticed an ice beast
  1278 | D:3      | Killed an ice beast
  1278 | D:3      | Reached skill level 5 in Short Blades
  1278 | D:3      | Reached skill level 7 in Stealth
  1278 | D:3      | Reached XP level 4. HP: 26/26 MP: 4/4
  1278 | D:3      | Reached XP level 5. HP: 30/30 MP: 5/5
  1349 | D:3      | Found a shadowy altar of Dithmenos.
  1541 | D:4      | Found Ciump's Book Boutique.
  1621 | D:4      | Noticed a centaur
  1718 | D:5      | Entered Level 5 of the Dungeon
  1718 | D:5      | Noticed an ice beast
  1719 | D:5      | Killed an ice beast
  1719 | D:5      | Reached skill level 8 in Stealth
  1719 | D:5      | Reached XP level 6. HP: 35/35 MP: 6/6
  1727 | D:5      | Found a stormy altar of Qazlal.
  1976 | D:5      | Found a glowing drain.
  1983 | Sewer    | Entered a sewer
  2025 | Sewer    | Reached XP level 7. HP: 30/40 MP: 7/7
  2630 | Sewer    | Reached skill level 9 in Stealth
  3150 | Sewer    | Reached XP level 8. HP: 34/44 MP: 8/8
  3437 | D:5      | Reached skill level 10 in Stealth
  3497 | D:3      | Became a worshipper of Dithmenos the Shadowed
  3720 | D:4      | Noticed Eustachio
  4705 | D:6      | Found a staircase to the Ecumenical Temple.
  4823 | D:6      | HP: 1/44 [orc warrior/battleaxe (8)]
  4825 | D:6      | Slain by a jackal

Vault maps used:
D:1:      minmay_arrival_wavy_path
D:3:      nicolae_dithmenos_shadow_blocks, marbit_many_paths,
          old_standard_altar, uniq_natasha
D:4:      grunt_gozag_breadcrumbs, serial_shops, shop_fountains,
          uniq_crazy_yiuf_cottage, uniq_eustachio
D:5:      nicolae_overflow_crystal_walls, lightli_sewer_entry_pipes, first_bread
D:6:      gammafunk_temple_overflow_claw, minmay_temple_entry_crystal_x,
          nicolae_ossuary_entry_giza, serial_shops, shop, nicolae_lava_and_water
Sewer:    sewer_co_tree

Skill      XL: |  1  2  3  4  5  6  7  8 |
---------------+-------------------------+-----
Short Blades   | 3 5 6 7 8 |  8.9
Stealth        | 7 8 9 10 | 10.9
Dodging        | 3 |  3.0
Fighting       | |  2.1
Throwing       | |  2.1

Action                   |  1- 3 |  4- 6 |  7- 9 || total
-------------------------+-------+-------+-------++-------
Melee: Dagger            |    95 |    49 |   239 ||   383
 Fire: Blowgun           |       |     6 |    35 ||    41
Evoke: Wand              |     1 |       |     2 ||     3
 Stab: Sleeping          |    15 |     5 |     3 ||    23
       Distracted        |     1 |       |     1 ||     2
  Eat: Chunk             |    10 |       |    11 ||    21
